AoeStats
← 灰顏

Arabia

506852298Analyzed
2v2 RM · 17d ago on Sep 15, 2026· 39m 40s· 4 players
Game mode
Random Map
Map size
Medium (4 player)
Population
200
Speed
Normal
Resources
Standard
Victory
Conquest
Starting age
Dark Age
Ending age
Imperial Age
RankedLock teamsTeams togetherTeam positionsShared explorationLock speedFull tech treeHidden civsTurbo modeCheats
Victory
Defeat
🇹🇼 Magyars · Taiwan
1155
+16
🇹🇼 Bohemians · Taiwan
1155
+16
🇹🇼 Franks · Taiwan
1166
-16
🇹🇼 Burgundians · Taiwan
1164
-16
EN_Tsai
9:01 Feudal Age
7:17 Loom
13:04 Castle Age
23:13 Double-Bit Axe
26:07 Redemption
28:20 Bow Saw
32:31 Wagenburg Tactics
White_Tsai
7:50 Loom
10:08 Feudal Age
15:05 Double-Bit Axe
23:59 Castle Age
22:49 Scale Barding Armor
23:28 Bloodlines
23:01 Horse Collar
25:14 Wheelbarrow
26:04 Chain Barding Armor
28:11 Wheelbarrow
35:29 Husbandry
李仲赫
11:22 Feudal Age
11:54 Double-Bit Axe
14:45 Loom
19:54 Castle Age
18:25 Loom
18:47 Scale Barding Armor
19:19 Forging
20:12 Stone Mining
20:19 Fletching
28:02 Bodkin Arrow
灰顏
8:50 Double-Bit Axe
10:18 Loom
12:05 Feudal Age
11:32 Horse Collar
16:52 Bow Saw
22:50 Castle Age
21:37 Heavy Plow
22:29 Scale Barding Armor
23:40 Cavalier
24:29 Husbandry
24:30 Gold Mining
28:43 Gold Shaft Mining
29:07 Squires
28:29 Pikeman
29:53 Forging
35:34 Burgundian Vineyards
Connection lost

Rejoining the realm…

Still unreachable

The connection could not be restored.

Session expired

The server has moved on; the page needs a fresh start.